 Dungeon Crawl Stone Soup version 0.28-a0-948-gee6e0bcda6 (webtiles) character file.

Game seed: 9858524717155274091

2 HessuHobo the Shield-Bearer (level 1, 0/22 HPs)
             Began as a Troll Fighter on Nov 30, 2021.
             Slain by a kobold (1 damage)
             ... on level 1 of the Dungeon.
             The game lasted 00:00:16 (39 turns).

HessuHobo the Shield-Bearer (Troll Fighter)           Turns: 39, Time: 00:00:16

Health: 0/22       AC:  4    Str: 23    XL:     1   Next: 33%
Magic:  0/0        EV:  7    Int:  4    God:
Gold:   0          SH:  7    Dex:  9    Spells: 0/0 levels left

rFire   . . .      SeeInvis .   a - +0 long sword
rCold   . . .      Faith    .   c - +0 kite shield
rNeg    . . .      Spirit   .   b - +0 robe
rPois   .          Reflect  .   (helmet restricted)
rElec   .          Harm     .   (no cloak)
rCorr   .          Rampage  .   (gloves unavailable)
Will    .....                   (boots unavailable)
Stlth   +.........              (no amulet)
HPRegen 0.87/turn               (no ring)
MPRegen 0.07/turn               (no ring)

@: lethally poisoned (0 -> -1)
A: large, unfitting armour, claws 3, regeneration 1, shaggy fur 1, tough skin 1
a: no special abilities


You were on level 1 of the Dungeon.
You visited 1 branch of the dungeon, and saw 1 of its levels.

Inventory:

Hand Weapons
 a - a +0 long sword (weapon)
Armour
 b - a +0 robe (worn)
 c - a +0 kite shield (worn)
Potions
 d - a potion of might


   Skills:
 + Level 2.4 Fighting
 + Level 1.5 Long Blades
 + Level 2.4 Dodging
 + Level 2.4 Shields


You couldn't memorise any spells.
You didn't know any spells.
Your spell library was empty.

Dungeon Overview and Level Annotations

Branches:
Dungeon (1/15)

Altars:


Innate Abilities, Weirdness & Mutations

You are too large for most types of armour.
You have claws for hands.
Your natural rate of healing is unusually fast.
You are covered in fur. (AC +1)
You have tough skin. (AC +1)


Message History

You closely miss the rat. You block the rat's attack. The rat bites you.
You barely miss the rat. The kobold hits you with a +0 war axe.
The rat twitches its whiskers.
The rat bites you but does no damage. The kobold barely misses you.
The rat bites you but does no damage.
You hit the rat.
You kill the rat!
The kobold throws a stone.
The stone barely misses you. The kobold closely misses you.
The kobold barely misses you.
You miss the kobold.
The kobold hits you with a +3 dagger of venom.
You are poisoned.
The kobold barely misses you.
Unknown command.
You barely miss the kobold.
You feel very sick. The kobold hits you but does no damage.
You are more poisoned.
You block the kobold's attack. x2; The kobold hits you with a +0 war axe.
Unknown command.
You closely miss the kobold.
You feel very sick. The kobold hits you but does no damage.
You block the kobold's attack.
You are too injured to fight recklessly!
Unknown command.
You feel sick.
The kobold throws a stone.
The stone hits you but does no damage.
You are too injured to fight recklessly!
You are too injured to fight recklessly!
You are too injured to fight recklessly!
You slash the kobold!
You kill the kobold!
You feel very sick.
The kobold hits you with a +3 dagger of venom.
* * * LOW HITPOINT WARNING * * *
You hit the kobold but do no damage.
* * * LOW HITPOINT WARNING * * *
You feel sick.
The kobold hits you with a +3 dagger of venom.
You die...

≈≈≈≈.. ≈≈≈≈..
.≈≈.≈. # .≈.≈.
###.# ... ...
)#.
#.###.#.....
#.$@K.......
#..###.#####
#......#
##.########
#.##.....###.
#.##.........
#........♣♣♣♣♣
####....♣♣...♣♣
#...♣♣.....♣♣


You could see a kobold.

Vanquished Creatures
  2 kobolds (D:1)
  A rat (D:1)
3 creatures vanquished.

Notes
Turn   | Place    | Note
-------+----------+-------------------------------------------
     0 | D:1      | HessuHobo the Troll Fighter began the quest for the Orb.
     0 | D:1      | Reached XP level 1. HP: 22/22 MP: 0/0
    39 | D:1      | HP: 1/22 [poisoned by a kobold]
    39 | D:1      | Slain by a kobold

Illustrated notes

Levels and vault maps discovered:
D:1:      amcnicky_arrival_underground_garden, layout_loops_ring,
          chequers_ecumenical_altar_island

Action                   || total
-------------------------++-------
Melee: Long sword        ||    10
Armor: Robe              ||     6
Dodge: Dodged            ||     5
Block: Kite shield       ||     4

Table legend: (Time is in decaauts)
 A = Elapsed time spent in this place.
 B = Non-inter-level travel time spent in this place.
 C = Inter-level travel time spent in this place.
 D = Time resting spent in this place.
 E = Time spent auto-exploring this place.
 F = Levels seen in this place.
 G = Mean time per level.
                   A        B        C        D        E       F      G
               +--------+--------+--------+--------+--------+-----+--------+
         Total |     44 |     44 |      0 |      0 |     26 |   1 |   44.0 |
       Dungeon |     44 |     44 |      0 |      0 |     26 |   1 |   44.0 |
               +--------+--------+--------+--------+--------+-----+--------+

Top non-repeatable levels by time:
     D:1: 44 daAuts
